 Dungeon Crawl Stone Soup version 0.31.0-11-ge490571c62 (webtiles) character file.

Game seed: 15357536866850327071

30 Gadfly the Trooper (level 3, 0/29 HPs)
             Began as a Demonspawn Monk on Jan 28, 2024.
             Slain by Terence
             ... wielding a +0 flail
              (4 damage)
             ... on level 2 of the Dungeon.
             The game lasted 00:01:45 (933 turns).

Gadfly the Trooper (Demonspawn Monk)                 Turns: 933, Time: 00:01:45

Health: 0/29       AC:  3    Str: 13    XL:     3   Next: 3%
Magic:  3/3        EV: 13    Int: 10    God:
Gold:   47         SH:  0    Dex: 15    Spells: 2/2 levels left

rFire   . .          .
                       - Unarmed
rCold   . . .        c - orb {light}
rNeg    . . .        a - +0 robe
rPois   .            (no helmet)
rElec   .            (no cloak)
rCorr   .            (no gloves)
SInv    .            (no boots)
Will    .....        (no amulet)
Stlth   +            (no ring)
HPRegen 0.24/turn    (no ring)
MPRegen 0.08/turn

%: no passive effects
@: glowing
A: rugged brown scales 1
a: no special abilities


You were on level 2 of the Dungeon.
You visited 1 branch of the dungeon, and saw 2 of its levels.

You collected 47 gold pieces.

Inventory:

Armour
 a - a +0 robe (worn)
 c - an orb of light (worn)
Potions
 b - a potion of ambrosia
 d - a potion of lignification {unknown}
 e - a potion of might {unknown}


   Skills:
 - Level 3.0 Fighting
 + Level 2.9 Dodging
 + Level 2.8 Unarmed Combat
 * Level 1.4 Evocations
 * Level 1.1 Shapeshifting


You had 2 spell levels left.
You didn't know any spells.
Your spell library was empty.

Dungeon Overview and Level Annotations

Branches:
Dungeon (2/15)

Altars:

Annotations:
D:2 Terence


Innate Abilities, Weirdness & Mutations

You are partially covered in rugged brown scales. (AC +1, +3% HP)


Message History

Terence is nearby!
You aren't carrying any items that you can evoke.
Okay, then.
You aren't carrying any scrolls.
Okay, then.
Terence hits you with a +0 flail!
You hit Terence but do no damage. Terence hits you with a +0 flail.
You are too injured to fight recklessly!
You are too injured to fight recklessly!
You are too injured to fight recklessly!
You are too injured to fight recklessly!
You are too injured to fight recklessly!
You are too injured to fight recklessly!
You are too injured to fight recklessly!
You are too injured to fight recklessly!
You are too injured to fight recklessly!
You are too injured to fight recklessly!
You are too injured to fight recklessly!
You are too injured to fight recklessly!
You hit Terence but do no damage. Terence closely misses you.
You hit Terence.
Terence is lightly wounded.
Terence closely misses you.
You hit Terence but do no damage.
Terence is lightly wounded.
You hit Terence but do no damage.
Terence is lightly wounded.
Terence barely misses you.
You hit Terence but do no damage.
Terence is lightly wounded.
Terence completely misses you.
You hit Terence but do no damage.
Terence is lightly wounded.
Terence hits you with a +0 flail!
* * * LOW HITPOINT WARNING * * *
You hit Terence.
Terence is lightly wounded.
Terence hits you with a +0 flail.
You die...
Terence says, "Rest in peace."

## ## . .. .. . .
. #.#. #. .#
#.#.##.###.####.
.......$@......
#.#.##@###.##. .
#.............
#.#.#.#.##.#.##.#
#...#........##.
#.#......#.#...
..#.#...†..#[##.
#........#...#
#.#.##.#.#.#.#
...........# ..


You could see Terence.

Vanquished Creatures
  A dart slug (D:2)
  3 ball pythons (D:1)
  3 bats (D:2)
  2 endoplasms
  A giant cockroach (D:2)
  2 goblins
  2 hobgoblins
  2 jackals (D:2)
  A kobold (D:2)
  2 quokkas (D:2)
  3 frilled lizards
  2 rats (D:1)
24 creatures vanquished.

Notes
Turn   | Place    | Note
-------+----------+-------------------------------------------
     0 | D:1      | Gadfly the Demonspawn Monk began the quest for the Orb.
     0 | D:1      | Reached XP level 1. HP: 18/18 MP: 1/1
   278 | D:1      | Gained mutation: You are partially covered in rugged brown
                  | scales. (AC +1, +3% HP) [demonic ancestry]
   278 | D:1      | Reached XP level 2. HP: 14/24 MP: 2/2
   486 | D:1      | Reached skill level 1 in Evocations
   746 | D:2      | Reached skill level 1 in Shapeshifting
   898 | D:2      | Reached XP level 3. HP: 28/29 MP: 3/3
   922 | D:2      | Noticed Terence
   933 | D:2      | Slain by Terence

Illustrated notes

Levels and vault maps discovered:
D:1:      mrwooster_arrival_statue_2, layout_loops_ring
D:2:      layout_rooms, basic_altar, nrook_uturn, minmay_diced_spiral,
          uniq_terence

Skill      XL: |  1  2 |
---------------+-------+-----
Evocations     | 1 |  1.4
Shapeshifting  | 1 |  1.1
Fighting       | |  3.0
Dodging        | |  2.9
Unarmed Combat | |  2.8

Action                     || total
---------------------------++-------
  Melee: Unarmed           ||    97
    Use: Scroll            ||     1
 Armour: Robe              ||    64
  Dodge: Dodged            ||    65
